 Dungeon Crawl Stone Soup version 0.31.0-32-g396128a36d (webtiles) character file.

Game seed: 14773712814596842021

173114 OverworldOutcast the Lord of Darkness (level 17, -11/136 HPs)
             Began as a Demonspawn Necromancer on Apr 4, 2024.
             Was the Champion of Kikubaaqudgha.
             Mangled by an alligator snapping turtle (35 damage)
             ... on level 3 of the Shoals.
             The game lasted 01:56:20 (51350 turns).

OverworldOutcast the Lord of Darkness (DsNe)       Turns: 51350, Time: 01:56:20

Health: -11/136    AC: 23    Str:  9    XL:     17   Next: 42%
Magic:  0/27       EV: 16    Int: 30    God:    Kikubaaqudgha [******]
Gold:   2526       SH: 25    Dex: 19    Spells: 6/30 levels left

rFire   + + .        b - +7 dagger "Imakyema" {drain, Fly rElec Will++}
rCold   + + .        y - +2 kite shield
rNeg    + . .        d - +2 robe {Will+}
rPois   +            x - -2 hat of the Alchemist {rElec rPois rF+ rC+ rN+ Will+ rMut rCorr}
rElec   +            T - scarf {rC+ rF+}
rCorr   +            C - +2 pair of gloves {Stlth+}
SInv    .            N - +0 pair of boots
Will    +++++        p - amulet of reflection
Stlth   +++++        D - +6 ring of dexterity
HPRegen 0.42/turn    I - +6 ring of intelligence
MPRegen 0.40/turn

%: reflection, resist mutation, guardian spirit
@: sanguine armoured, animating dead, flying
A: antennae 2, icemail 1, magic shield, magic regeneration, sanguine armour 3,
condensation shield
a: Renounce Religion, Unearth Wretches, Torment, Brand Weapon With Pain, Receive
Forbidden Knowledge


You were on level 3 of the Shoals.
You worshipped Kikubaaqudgha.
Kikubaaqudgha was exalted by your worship.
You visited 6 branches of the dungeon, and saw 28 of its levels.
You also visited: Sewer and Ice Cave.

You collected 2856 gold pieces.
You spent 330 gold pieces at shops.


Innate Abilities, Weirdness & Mutations

You have a pair of antennae on your head.
A meltable icy envelope protects you from harm. (AC +4)
When hurt, damage is shared between your health and your magic reserves.
You regenerate magic rapidly.
When seriously injured, your blood forms very thick armour. (AC +12)
A meltable shield of frost defends you. (SH +4)


   Skills:
 + Level 13.0 Fighting
 - Level 10.0 Short Blades
 - Level 6.0 Polearms
 - Level 6.0 Armour
 - Level 8.0 Dodging
 - Level 7.0 Stealth
 - Level 14.0 Shields
 - Level 7.0 Spellcasting
 * Level 9.5 Summonings
 - Level 16.0 Necromancy
 + Level 4.8 Evocations


You had 6 spell levels left.
You knew the following spells:

 Your Spells              Type           Power      Damage    Failure   Level
a - Animate Dead          Necr           82%        N/A       1%          4
d - Death Channel         Necr           41%        N/A       2%          6
h - Haunt                 Necr/Summ      36%        N/A       45%         7
m - Martyr's Knell        Necr/Summ      72%        N/A       1%          4
v - Vampiric Draining     Necr           82%        2d11      1%          3

Your spell library contained the following spells:

 Spells                   Type           Power      Damage    Failure   Level
 Necrotise                Necr           100%       1d9       0%          1
 Kiss of Death            Conj/Necr      100%       2d13      1%          1
 Dispel Undead            Necr           82%        3d27      1%          4
 Curse of Agony           Necr           82%        N/A       1%          5
 Summon Ice Beast         Ice/Summ       39%        N/A       4%          3
 Anguish                  Hex/Necr       27%        N/A       4%          4
 Apportation              Tloc           20%        N/A       12%         1
 Magic Dart               Conj           40%        1d5       12%         1
 Sting                    Conj/Alch      40%        1d5       12%         1
 Ensorcelled Hibernation  Hex/Ice        20%        N/A       17%         2
 Jinxbite                 Hex            20%        N/A       17%         2
 Mercury Vapours          Alch/Air       20%        N/A       17%         2
 Searing Ray              Conj           20%        2d5       17%         2
 Passwall                 Erth           10%        N/A       34%         3
 Swiftness                Air            10%        N/A       34%         3
 Summon Forest            Summ/Tloc      19%        N/A       41%         5
 Summon Mana Viper        Hex/Summ       39%        N/A       41%         5
 Fulminant Prism          Conj/Alch      5%         3d7       75%         4
 Ignite Poison            Fire/Alch      10%        N/A       75%         4
 Leda's Liquefaction      Alch/Erth      5%         N/A       75%         4
 Olgreb's Toxic Radiance  Alch           10%        N/A       75%         4
 Sticky Flame             Fire/Alch      10%        2d5       75%         4
 Alistair's Intoxication  Alch           6%         N/A       97%         5
 Lee's Rapid Deconstruct  Erth           5%         3d6*      97%         5
 Bombard                  Conj/Erth      5%         9d2       100%        6
 Eringya's Noxious Bog    Alch           5%         4d6       100%        6
 Starburst                Conj/Fire      5%         6d4       100%        6
 Borgnjor's Revivificati  Necr           41%        N/A       71%         8
 Monstrous Menagerie      Summ           30%        N/A       89%         7
 Summon Hydra             Summ           30%        N/A       89%         7
 Ozocubu's Refrigeration  Ice            5%         4d8       100%        7
 Discord                  Hex            5%         N/A       100%        8
 Ignition                 Fire           5%         3d4       100%        8
 Death's Door             Necr           41%        N/A       100%        9

Inventory:

Hand Weapons
 b - the +7 dagger "Imakyema" (weapon) {drain, Fly rElec Will++}
   (You found it on level 2 of the Lair of Beasts)

   rElec:     It insulates you from electricity.
   Will++:    It greatly increases your willpower.
   Fly:       It grants you flight.
 L - the +9 staff of Olgreb {rPois∞}
   (You found it in an ice cave)

   Radiate:   It can be activated via the 'a'bility menu to radiate toxic
   energy, with effectiveness depending on Evocations skill.
   Alch:      It enhances your alchemy magic.
   rPois∞: It grants immunity to poison.
Missiles
 t - 13 throwing nets {=f}
 H - 10 curare-tipped darts (quivered) {=f}
Armour
 d - a +2 robe of willpower (worn)
 x - the -2 hat of the Alchemist (worn) {rElec rPois rF+ rC+ rN+ Will+ rMut rCorr}
   (You found it on level 2 of the Lair of Beasts)

   rF+:       It protects you from fire.
   rC+:       It protects you from cold.
   rElec:     It insulates you from electricity.
   rPois:     It protects you from poison rN+: It protects you from negative
   energy.
   Will+:     It increases your willpower.
   rCorr:     It protects you from acid and corrosion.
   rMut:      It protects you from mutation.
 y - a +2 kite shield (worn)
 C - a +2 pair of gloves of stealth (worn)
 N - a +0 pair of boots (worn)
 T - a scarf of resistance (worn)
Magical Staves
 i - a staff of conjuration {!a}
 j - a staff of earth {!a}
Jewellery
 c - the ring of Xoreago {rF+ rC+ rCorr Str-4 Int+3}
   (You acquired it on level 12 of the Dungeon)

   [ring of resist corrosion]

   Str-4:     It affects your strength (-4).
   Int+3:     It affects your intelligence (+3).
   rF+:       It protects you from fire.
   rC+:       It protects you from cold.
   rCorr:     It protects you from acid and corrosion.
 p - an amulet of reflection (around neck)
 v - a ring of see invisible
 D - a +6 ring of dexterity (left hand)
 I - a +6 ring of intelligence (right hand)
 J - the ring "Vunuw" {rC+ Str+4 Dex+3}
   (You found it in an ice cave)

   [ring of protection from cold]

   Str+4:     It affects your strength (+4).
   Dex+3:     It affects your dexterity (+3).
   rC+:       It protects you from cold.
 R - a ring of resist corrosion
Wands
 k - a wand of light (2)
 o - a wand of charming (53)
 F - a wand of digging (4)
 G - a wand of flame (52)
 M - a wand of mindburst (8)
 P - a wand of iceblast (9)
Scrolls
 e - 2 scrolls of blinking
 n - 3 scrolls of enchant armour
 q - a scroll of brand weapon
 r - a scroll of fog
 u - 4 scrolls of vulnerability
 w - 6 scrolls of enchant weapon
 A - 2 scrolls of torment
 B - 2 scrolls of amnesia
 E - 7 scrolls of teleportation {@r2}
 K - 3 scrolls of revelation
 U - a scroll of immolation
 X - 2 scrolls of fear
Potions
 a - a potion of invisibility
 f - 3 potions of lignification
 g - 4 potions of cancellation
 h - a potion of haste {@q3}
 l - 7 potions of mutation
 m - 7 potions of enlightenment
 s - 3 potions of magic
 z - 6 potions of curing {@q1}
 S - 2 potions of attraction
 V - 2 potions of might
 W - 3 potions of resistance
 Y - 3 potions of brilliance
Miscellaneous
 O - a lightning rod (4/4)
 Q - a box of beasts (inert)
 Z - a phantom mirror

Dungeon Overview and Level Annotations

Branches:
Dungeon (15/15)            Temple (1/1) D:7            Lair (5/5) D:8
 Shoals (3/4) Lair:2       Spider (2/4) Lair:3        Slime (0/5) Lair:4
    Orc (2/2) D:10            Elf (0/3) Orc:2        Vaults (0/5) D:14
 Depths (0/4) D:15          Sewer (visited)           IceCv (visited)

Altars:
Ashenzari
Cheibriados
Dithmenos
Fedhas
Gozag
Hepliaklqana
Kikubaaqudgha
Makhleb
Nemelex Xobeh
Okawaru
Qazlal
Ru
Sif Muna
Trog
Uskayaw
Vehumet
Wu Jian
Xom
Yredelemnul
Jiyva

Shops:
D:15 [   Orc:2 [((*

Annotations:
D:10 3 runed translucent doors, jimmypageman's ghost, novice MiFi
D:11 2 transporters, zeteo's ghost, journeyman HOMo

~~~~≈≈≈≈≈≈≈≈~~~~.....†..#
~~~≈≈≈≈≈≈≈≈~~~~~...~....#
~~~~~≈≈≈≈≈≈~~~....~~~...#
.~~~≈≈≈≈≈≈≈~~.###..~~~≈~.
..~~~≈≈≈≈≈≈~~.# ▒...~~~).
...~~~≈≈≈≈≈~~<#▒#..~~~~~.
)..~~~t≈≈≈≈~~....<~~~..P.
...YY~Y≈≈≈≈≈≈~~~.~~....P.
...C~~mW@≈≈≈≈≈≈≈≈~~~.....
....Y~~~§≈≈≈≈≈≈≈~~~.~~~~~
#...~~~~≈≈≈≈≈≈≈≈~~~~.~P~~
...~~~~~≈###≈≈≈~~~~.~~†~~
~~~~~~~~## ###~~~~.....~.
~####~~## ###~~~......
### ##...#...~ ##..#..~~
#.##...~


You could see an alligator snapping turtle, a merfolk, a cyclops, 4 dream sheep
and a friendly martyred shade (summoned).


Message History

A dream sheep comes into view.
Your merfolk siren zombie hits the alligator snapping turtle but does no damage.
You barely miss the alligator snapping turtle.
The alligator snapping turtle bites you.
Unknown command.
Casting: Animate Dead (safe; 1% risk of failure)
Confirm with . or Enter, or press ? or * to list all spells.
You dismiss your zombies and call upon the dead to rise afresh.
Your cyclops zombie crumbles into dust!
Your merfolk siren zombie crumbles into dust!
Your dream sheep zombie crumbles into dust!
Casting: Animate Dead (safe; 1% risk of failure)
Confirm with . or Enter, or press ? or * to list all spells.
You call forth a shade to shield your allies.
You block the alligator snapping turtle's attack.
The merfolk hits you from afar with a +0 trident!
* * * LOW HITPOINT WARNING * * *
Unknown command.
Casting: Martyr's Knell (mildly dangerous; 1% risk of failure)
Confirm with . or Enter, or press ? or * to list all spells.
You call forth a shade to shield your allies.
Your martyred shade disappears in a puff of smoke!
The merfolk hits you from afar with a +0 trident!
* * * LOW HITPOINT WARNING * * *
The alligator snapping turtle bites you!!
* * * LOW HITPOINT WARNING * * *
The dream sheep headbutts you but does no damage.
The alligator snapping turtle bites you from afar!!!
You die...
Kikubaaqudgha rasps: "You have failed me!
Welcome... death!"

Skill      XL: |  1  2  3  4  5  6  7  8  9 10 11 12 13 14 15 16 17 |
---------------+----------------------------------------------------+-----
Fighting       | 1 2 3 4 5 7 9 10 11 12 13 | 13.0
Necromancy     | 5 6 7 8 9 11 12 13 14 15 16 | 16.0
Spellcasting   | 3 4 5 6 7 |  7.0
Evocations     | 2 3 4 |  4.8
Dodging        | 3 7 8 |  8.0
Stealth        | 2 3 6 7 |  7.0
Polearms       | 6 |  6.0
Summonings     | 2 4 7 9 |  9.5
Armour         | 4 6 |  6.0
Shields        | 5 9 11 12 13 14 | 14.0
Short Blades   | 1 6 8 10 | 10.0

Action                     |  1- 3 |  4- 6 |  7- 9 | 10-12 | 13-15 | 16-18 || total
---------------------------+-------+-------+-------+-------+-------+-------++-------
  Melee: Spear             |   209 |    77 |       |   347 |       |       ||   633
         Unarmed           |     4 |       |       |       |       |       ||     4
         Punch             |     2 |     1 |     9 |    13 |       |       ||    25
         Short sword       |       |    73 |       |       |       |       ||    73
         Trident           |       |    64 |    33 |   964 |       |       ||  1061
         Dagger            |       |    11 |   459 |   131 |  1900 |  1349 ||  3850
  Throw: Dart              |       |     1 |    12 |     1 |       |       ||    14
   Cast: Necrotise         |    26 |    42 |    35 |    22 |       |       ||   125
         Vampiric Draining |     2 |       |       |       |       |       ||     2
         Animate Dead      |       |       |     6 |    28 |    26 |    19 ||    79
         Martyr's Knell    |       |       |       |    57 |    70 |    53 ||   180
         Death Channel     |       |       |       |       |    25 |    34 ||    59
 Invoke: Torment           |       |       |       |       |     2 |       ||     2
  Evoke: Wand              |       |     1 |    11 |     7 |       |     7 ||    26
         Box of beasts     |       |       |       |     1 |       |     1 ||     2
         Phantom mirror    |       |       |       |       |       |     1 ||     1
    Use: Scroll            |       |     2 |     8 |    19 |    12 |     6 ||    47
         Potion            |       |       |     3 |     7 |     5 |     3 ||    18
   Stab: Sleeping          |     4 |     4 |     2 |     5 |     7 |     9 ||    31
         Distracted        |       |       |     2 |    11 |    25 |    19 ||    57
         Invisible         |       |       |       |     5 |       |       ||     5
         Petrified         |       |       |       |       |     1 |     1 ||     2
 Armour: Robe              |   100 |   121 |   343 |   432 |       |   488 ||  1484
         Acid dragon scale |       |       |       |   767 |   794 |    98 ||  1659
  Dodge: Dodged            |   142 |   127 |   322 |   723 |   367 |   436 ||  2117
  Block: Other             |       |    49 |   113 |   341 |       |       ||   503
         Reflection        |       |       |     1 |     8 |    73 |    37 ||   119
         Kite shield       |       |       |       |   204 |  2316 |  1722 ||  4242

Levels and vault maps discovered:
D:1:      onia_arrival_handbag, layout_loops_cross, serial_aquarium,
          aquarium_bridge_square [aquarium_subvault_bridge,
          aquarium_subvault_bridge, aquarium_subvault_wall,
          aquarium_subvault_balcony], aquarium_window_1, aquarium_window_2,
          aquarium_view_2g, aquarium_view_2d, aquarium_balcony_1a,
          aquarium_pool_2
D:2:      layout_basic
D:3:      layout_loops_ring, nicolae_overflow_two_pavilions
D:4:      layout_rooms, mainiacjoe_overflow_catwalk, gup_sewer_entry_bowl,
          grunt_decor_junction, uniq_sigmund, uniq_robin, uniq_menkaure
D:5:      layout_rooms, uniq_blork_the_orc
D:6:      layout_cave_pools, kennysheep_small_circle
D:7:      layout_cave_pools, kennysheep_orc_sif_temple,
          minmay_temple_entry_arrows, serial_gnoll_camp, gnoll_camp_mini_house,
          gnoll_camp_medium_01, gnoll_camp_huts_moat, gnoll_camp_mini_hut,
          gnoll_camp_medium_02, minmay_bent
D:8:      layout_rooms, nicolae_vehumet_altar_sigil, lair_entry_dummy,
          enter_bailey_6, kennysheep_island_fort
D:9:      kennysheep_spiral_hall, layout_cave_pools, minmay_nine_imps
D:10:     layout_cave_pods, grunt_temple_overflow_champion_of_chaos,
          minmay_orc_entry_temple_small,
          ploomutoo_gammafunk_ghost_potion_laboratory, uniq_grum
D:11:     layout_rooms, gammafunk_ghost_stat_death
D:12:     layout_roguey, kennysheep_potato
D:13:     layout_rooms, nicolae_twisting_strands
D:14:     layout_basic, hangedman_vaults_entry_quadrant_bands,
          lemuel_flamethrower_hall
D:15:     grunt_enter_depths_magical_seal, layout_loops_cross, serial_shops,
          nicolae_shop_gibbet_a_chance, chequers_serial_rivers_small_b
Temple:   nicolae_temple_bog_church
Lair:1:   beast_lair_carwin_large_4, layout_gridlike, wad_woods_road_04,
          lemuel_fruit_fields, uniq_jeremiah
Lair:2:   layout_cave_pods, mainiacjoe_shoals_entry_four_pools,
          nicolae_volcano_entry_vermiform, cheibrodos_lair_lostbears
Lair:3:   layout_layer_cave, nicolae_spider_entry_tight_spaces
Lair:4:   layout_regular_city, dpeg_slime_entry_corner, gauntlet_entry_generic,
          beast_lair_carwin_4, lemuel_fruit_fields, lemuel_fruit_tree,
          uniq_kirke
Lair:5:   evilmike_catoblepas_cave, layout_cellular_growth
Shoals:1: layout_shoals, portal_ice_cave_entry_pillars_2
Shoals:2: layout_shoals, uniq_ilsuiw, uniq_polyphemus
Shoals:3: nicolae_shoals_deep_elves_summer_vacation, layout_shoals,
          nicolae_shoals_loop_pool
Spider:1: layout_spider_delve
Spider:2: layout_spider_delve
Orc:1:    layout_caves, uniq_sonja, uniq_erolcha
Orc:2:    st_orc_ogre_mass, layout_diamond_mine

Notes
Turn   | Place    | Note
-------+----------+-------------------------------------------
     0 | D:1      | OverworldOutcast the Demonspawn Necromancer began the quest
                  | for the Orb.
     0 | D:1      | Reached XP level 1. HP: 13/13 MP: 3/3
   113 | D:1      | Reached skill level 1 in Fighting
   265 | D:1      | Gained mutation: You regenerate magic rapidly. [demonic
                  | ancestry]
   265 | D:1      | Reached XP level 2. HP: 21/22 MP: 5/5
   401 | D:1      | Reached skill level 2 in Fighting
  1085 | D:1      | Gained mutation: When seriously injured, your blood forms
                  | armour. (AC +12) [demonic ancestry]
  1085 | D:1      | Reached XP level 3. HP: 14/27 MP: 4/6
  1242 | D:1      | Learned a level 3 spell: Vampiric Draining
  1437 | D:2      | Reached skill level 5 in Necromancy
  2109 | D:2      | Reached XP level 4. HP: 33/33 MP: 4/7
  2648 | D:3      | Reached skill level 6 in Necromancy
  2729 | D:3      | Found a sparkling altar of Nemelex Xobeh.
  3062 | D:3      | Gained mutation: When seriously injured, your blood forms
                  | thick armour. (AC +12) [demonic ancestry]
  3062 | D:3      | Reached XP level 5. HP: 21/38 MP: 7/9
  3499 | D:4      | Noticed Sigmund
  3507 | D:4      | Reached skill level 3 in Spellcasting
  3603 | D:4      | Found a glowing drain.
  3607 | Sewer    | Entered a sewer
  3622 | Sewer    | Reached skill level 3 in Fighting
  3685 | Sewer    | Noticed Pargi
  3749 | Sewer    | Reached XP level 6. HP: 28/47 MP: 5/10
  3906 | Sewer    | Killed Pargi
  3907 | Sewer    | Reached skill level 1 in Evocations
  3907 | Sewer    | Reached skill level 2 in Evocations
  3987 | D:4      | Reached skill level 7 in Necromancy
  4033 | D:4      | Noticed Menkaure
  4064 | D:4      | Noticed Robin
  4362 | D:3      | Killed Robin
  4749 | D:4      | Killed Menkaure
  4750 | D:4      | Reached skill level 4 in Fighting
  4750 | D:4      | Gained mutation: When hurt, damage is shared between your
                  | health and your magic reserves. [demonic ancestry]
  4750 | D:4      | Reached XP level 7. HP: 26/54 MP: 11/11
  4755 | D:4      | Learned a level 4 spell: Animate Dead
  4982 | D:3      | Reached skill level 8 in Necromancy
  5097 | D:4      | Killed Sigmund
  5098 | D:4      | Reached skill level 4 in Spellcasting
  5418 | D:4      | Found a blossoming altar of Fedhas.
  5462 | D:4      | Reached skill level 5 in Fighting
  5701 | D:5      | Entered Level 5 of the Dungeon
  5714 | D:5      | Gained mutation: When seriously injured, your blood forms
                  | very thick armour. (AC +12) [demonic ancestry]
  5714 | D:5      | Reached XP level 8. HP: 60/62 MP: 14/14
  5900 | D:5      | Noticed Blork the orc
  5912 | D:5      | Reached skill level 9 in Necromancy
  5912 | D:5      | Reached skill level 3 in Evocations
  5915 | D:5      | Killed Blork the orc
  5916 | D:5      | Reached skill level 2 in Dodging
  6163 | D:5      | Reached skill level 3 in Dodging
  6397 | D:5      | Reached skill level 6 in Fighting
  6852 | D:5      | Reached skill level 7 in Fighting
  6852 | D:5      | Reached skill level 2 in Stealth
  7065 | D:6      | Reached XP level 9. HP: 46/72 MP: 8/15
  7072 | D:6      | Reached skill level 3 in Stealth
  7610 | D:6      | Reached skill level 10 in Necromancy
  8571 | D:7      | Found a staircase to the Ecumenical Temple.
  8596 | Temple   | Entered the Ecumenical Temple
  8629 | Temple   | Became a worshipper of Kikubaaqudgha
  8802 | D:7      | Reached skill level 8 in Fighting
  9283 | D:7      | Reached skill level 9 in Fighting
  9889 | D:7      | Reached skill level 11 in Necromancy
 10206 | D:7      | Reached XP level 10. HP: 65/83 MP: 5/16
 10262 | D:7      | Reached * piety under Kikubaaqudgha
 10262 | D:7      | Received a gift from Kikubaaqudgha
 11717 | D:7      | Reached skill level 10 in Fighting
 11737 | D:7      | Reached ** piety under Kikubaaqudgha
 12289 | D:7      | Found a shimmering blue altar of Sif Muna.
 13043 | D:8      | Noticed a deep elf pyromancer
 13379 | D:8      | Reached skill level 1 in Polearms
 13379 | D:8      | Reached skill level 5 in Spellcasting
 13494 | D:8      | Reached skill level 2 in Polearms
 13517 | D:8      | Reached skill level 3 in Polearms
 13761 | D:8      | Found a staircase to the Lair.
 13802 | D:8      | Noticed a two-headed ogre
 13817 | D:8      | Killed a two-headed ogre
 13818 | D:8      | Reached skill level 5 in Polearms
 13917 | D:8      | Reached *** piety under Kikubaaqudgha
 13917 | D:8      | Received a gift from Kikubaaqudgha
 14034 | D:8      | Identified the +0 mace of Fuazey {freeze, Will+}
 14064 | D:8      | Found a radiant altar of Vehumet.
 14413 | D:8      | Learned a level 4 spell: Martyr's Knell
 14595 | D:8      | Killed a deep elf pyromancer
 14596 | D:8      | Reached skill level 1 in Summonings
 14690 | D:8      | Found a radiant altar of Vehumet.
 14714 | D:9      | Reached skill level 2 in Summonings
 14962 | D:8      | Found a staircase to the Lair.
 15189 | D:9      | Reached skill level 6 in Polearms
 15636 | D:9      | Reached XP level 11. HP: 89/92 MP: 16/18
 16365 | D:9      | Identified a scarf of resistance
 16415 | D:9      | Reached skill level 1 in Armour
 16545 | D:10     | Entered Level 10 of the Dungeon
 16861 | D:10     | Noticed Grum
 16881 | D:10     | Killed Grum
 17100 | D:10     | Reached skill level 3 in Summonings
 17336 | D:10     | Reached skill level 2 in Armour
 17595 | D:10     | Reached **** piety under Kikubaaqudgha
 17597 | D:10     | HP: 9/92 [orc priest/nerve-wracking pain (1)]
 17605 | D:10     | HP: 4/92 [orc warrior/+0 war axe (5)]
 17888 | D:10     | Found a runed translucent gate.
 17888 | D:10     | Found a runed translucent gate.
 17888 | D:10     | Found a runed translucent gate.
 17889 | D:10     | Noticed a purple ugly thing
 17930 | D:10     | Found a shimmering altar of Xom.
 17931 | D:10     | Found a burning altar of Makhleb.
 17937 | D:10     | Reached skill level 11 in Fighting
 17952 | D:10     | Noticed a brown ugly thing
 17952 | D:10     | Noticed a red ugly thing
 17952 | D:10     | Noticed a brown ugly thing
 18058 | D:10     | Noticed a sea snake
 18058 | D:10     | Noticed a green ugly thing
 18058 | D:10     | Noticed a glowing orange brain
 18058 | D:10     | Noticed a green ugly thing
 18081 | D:10     | Found a staircase to the Orcish Mines.
 18681 | D:10     | Noticed a boulder beetle
 18683 | D:10     | a boulder beetle changed into a two-headed ogre
 18683 | D:10     | Noticed a two-headed ogre (glowing shapeshifter)
 18685 | D:10     | a two-headed ogre changed into a mana viper
 18687 | D:10     | a mana viper changed into a torpor snail
 18687 | D:10     | Noticed a torpor snail (glowing shapeshifter)
 18691 | D:10     | a torpor snail changed into a lindwurm
 18691 | D:10     | Noticed a lindwurm (glowing shapeshifter)
 18693 | D:10     | a lindwurm changed into a jumping spider
 19019 | D:10     | a moth of wrath changed into a sea snake
 19019 | D:10     | Noticed a sea snake (glowing shapeshifter)
 19025 | D:10     | a sea snake changed into a mana viper
 19025 | D:10     | Noticed a mana viper (glowing shapeshifter)
 19175 | D:11     | Reached skill level 4 in Summonings
 19178 | D:11     | Reached skill level 3 in Armour
 19178 | D:11     | Reached skill level 1 in Shields
 19258 | D:11     | Noticed a boulder beetle
 19345 | D:11     | Killed a boulder beetle
 19346 | D:11     | Reached skill level 2 in Shields
 19513 | D:11     | Noticed zeteo's ghost (journeyman HOMo)
 19583 | D:11     | Reached skill level 4 in Armour
 19871 | D:11     | Reached skill level 3 in Shields
 19871 | D:11     | Reached skill level 12 in Necromancy
 19871 | D:11     | Noticed a two-headed ogre
 19885 | D:11     | Killed a two-headed ogre
 19886 | D:11     | Reached skill level 4 in Shields
 20260 | D:11     | Found a transporter.
 20290 | D:11     | Found a transporter.
 20412 | Lair:1   | Entered Level 1 of the Lair of Beasts
 20592 | Lair:1   | Reached skill level 5 in Shields
 20718 | Lair:1   | Gained mutation: A meltable shield of frost defends you.
                  | (SH +4) [demonic ancestry]
 20718 | Lair:1   | Reached XP level 12. HP: 100/100 MP: 13/19
 20790 | Lair:1   | Reached skill level 6 in Shields
 21540 | Lair:1   | Noticed an eight-headed hydra
 21559 | Lair:1   | Killed an eight-headed hydra
 21611 | Lair:1   | Reached skill level 7 in Shields
 22126 | Lair:1   | Noticed Jeremiah
 22145 | Lair:1   | Reached skill level 13 in Necromancy
 22211 | Lair:1   | Killed Jeremiah
 22490 | Lair:1   | Identified the +4 falchion of Perversion {flame, ^Fragile
                  | MP+9 Dex+7}
 22650 | Lair:1   | Identified a potion of resistance
 23122 | Lair:2   | Reached skill level 8 in Shields
 23131 | Lair:2   | Reached ***** piety under Kikubaaqudgha
 23299 | Lair:2   | Reached skill level 9 in Shields
 23769 | Lair:2   | Found the -2 hat of the Alchemist {rElec rPois rF+ rC+ rN+
                  | Will+ rMut rCorr}
 23810 | Lair:2   | Identified the +7 dagger "Imakyema" {drain, Fly rElec
                  | Will++}
 24462 | Lair:2   | Reached skill level 1 in Short Blades
 25046 | Lair:2   | Found a staircase to the Shoals.
 25791 | Lair:3   | Noticed a seven-headed hydra
 26296 | Lair:3   | Found a hole to the Spider Nest.
 26328 | Lair:3   | Gained mutation: You have a pair of small antennae on your
                  | head. [demonic ancestry]
 26328 | Lair:3   | Reached XP level 13. HP: 85/105 MP: 8/20
 26420 | Lair:3   | Reached skill level 2 in Short Blades
 26970 | Lair:3   | Reached skill level 5 in Armour
 27032 | Lair:3   | Reached skill level 10 in Shields
 27340 | Lair:3   | Reached skill level 3 in Short Blades
 27894 | Lair:3   | Learned a level 6 spell: Death Channel
 28633 | Lair:4   | Found a viscous altar of Jiyva.
 28636 | Lair:4   | Found a staircase to the Slime Pits.
 28695 | Lair:4   | Noticed Kirke
 28989 | Lair:3   | Reached skill level 4 in Short Blades
 29152 | Lair:4   | Noticed a sphinx
 29389 | Lair:4   | Noticed a sphinx
 29414 | Lair:4   | Killed Kirke
 29415 | Lair:4   | Reached skill level 6 in Armour
 29415 | Lair:4   | Reached skill level 14 in Necromancy
 29746 | Lair:4   | Reached skill level 5 in Short Blades
 30149 | Lair:4   | Your ally Kirke died
 30154 | Lair:4   | Reached skill level 11 in Shields
 30774 | Lair:5   | Entered Level 5 of the Lair of Beasts
 30816 | Lair:5   | Reached skill level 6 in Short Blades
 30827 | Lair:5   | Gained mutation: A meltable icy envelope protects you from
                  | harm. (AC +4) [demonic ancestry]
 30827 | Lair:5   | Reached XP level 14. HP: 113/113 MP: 16/21
 31099 | Lair:5   | Identified the +6 dagger of the Pyrrhic Victory {venom,
                  | +Blink rElec Dex-4 Stlth+}
 31343 | Lair:5   | Reached skill level 7 in Short Blades
 31604 | Lair:5   | Reached skill level 12 in Shields
 32805 | D:12     | Reached ****** piety under Kikubaaqudgha
 32944 | D:12     | Reached skill level 8 in Short Blades
 33765 | D:12     | Identified a scroll of acquirement
 33767 | D:12     | Acquired the ring of Xoreago {rF+ rC+ rCorr Str-4 Int+3}
 34230 | D:13     | Reached skill level 6 in Spellcasting
 34758 | D:14     | Reached skill level 15 in Necromancy
 35020 | D:14     | Found a gate to the Vaults.
 35135 | D:14     | Gained mutation: You have a pair of antennae on your head.
                  | [demonic ancestry]
 35135 | D:14     | Reached XP level 15. HP: 102/118 MP: 12/24
 35330 | D:14     | Reached skill level 9 in Short Blades
 35552 | D:14     | Got Hatate's Volume of Confrontation
 36311 | D:15     | Entered Level 15 of the Dungeon
 36512 | D:15     | Reached skill level 7 in Spellcasting
 36587 | D:15     | Found Ocujoick's Antique Armour Boutique.
 37311 | D:10     | Reached skill level 13 in Shields
 37572 | D:10     | Found a runed translucent gate.
 37572 | D:10     | Found a runed translucent gate.
 37574 | D:10     | Found a runed translucent gate.
 37574 | D:10     | Noticed jimmypageman's ghost (novice MiFi)
 37819 | Orc:1    | Entered Level 1 of the Orcish Mines
 38042 | Orc:1    | Noticed Sonja
 38047 | Orc:1    | Killed Sonja
 39302 | Orc:1    | Reached skill level 16 in Necromancy
 39470 | Orc:2    | Entered Level 2 of the Orcish Mines
 39470 | Orc:2    | Found a staircase to the Elven Halls.
 39482 | Orc:2    | Reached skill level 10 in Short Blades
 39699 | Orc:2    | Found Dietu Yloek's Antique Armour Emporium.
 39699 | Orc:2    | Found Qapsuf's Antique Weapon Shop.
 39714 | Orc:2    | Reached skill level 4 in Dodging
 39721 | Orc:2    | Found Geittopi's Weapon Shop.
 39721 | Orc:2    | Found Kile's Assorted Antiques.
 39724 | Orc:2    | Reached skill level 5 in Dodging
 39735 | Orc:2    | Reached skill level 6 in Dodging
 39752 | Orc:2    | Reached skill level 7 in Dodging
 39942 | Orc:2    | Bought a pair of embroidered gloves for 165 gold pieces
 39942 | Orc:2    | Bought a pair of runed gloves for 165 gold pieces
 40217 | Orc:1    | Noticed Erolcha
 40237 | Orc:1    | Killed Erolcha
 40241 | Orc:1    | Reached XP level 16. HP: 74/125 MP: 12/26
 41315 | D:15     | Found a staircase to the Depths.
 41469 | D:15     | Reached skill level 8 in Dodging
 42362 | Lair:1   | Learned a level 7 spell: Haunt
 42449 | Spider:1 | Entered Level 1 of the Spider Nest
 42766 | Spider:1 | Reached skill level 4 in Stealth
 43418 | Spider:1 | Reached skill level 5 in Summonings
 43989 | Spider:2 | Reached skill level 5 in Stealth
 45281 | Shoals:1 | Entered Level 1 of the Shoals
 45407 | Shoals:1 | Reached skill level 12 in Fighting
 45553 | Shoals:1 | Reached skill level 6 in Summonings
 45614 | Shoals:1 | Found a glacial archway.
 45623 | IceCv    | Entered an ice cave
 45759 | IceCv    | Reached skill level 6 in Stealth
 45780 | IceCv    | Identified the +1 helmet of the Tick {SInv}
 46039 | IceCv    | Identified the +8 halberd "Ytryuf" {heavy, rN+ rCorr}
 46187 | IceCv    | Reached skill level 7 in Summonings
 46735 | IceCv    | Noticed a shard shrike
 47320 | IceCv    | Identified the ring "Vunuw" {rC+ Str+4 Dex+3}
 47322 | IceCv    | Found the +9 staff of Olgreb {rPois∞}
 47367 | IceCv    | Killed a shard shrike
 47368 | IceCv    | Reached XP level 17. HP: 135/135 MP: 27/27
 47633 | Shoals:1 | Reached skill level 14 in Shields
 47757 | Shoals:1 | Identified the +6 spear of Extinguishment {pain, Str+4}
 48090 | Shoals:2 | Noticed Polyphemus
 48124 | Shoals:2 | HP: 10/135 [Polyphemus (13)]
 48139 | Shoals:1 | HP: 13/135 [Polyphemus (4)]
 48831 | Shoals:1 | Killed Polyphemus
 49560 | Shoals:2 | Reached skill level 8 in Summonings
 49696 | Shoals:2 | Noticed Ilsuiw
 49715 | Shoals:2 | Reached skill level 7 in Stealth
 49723 | Shoals:2 | Killed Ilsuiw
 50184 | Shoals:2 | Identified the +6 scale mail of Limpiut {^Contam Rampage
                  | rF++ rC+ Will+}
 50220 | Shoals:2 | Reached skill level 4 in Evocations
 50939 | Shoals:3 | Reached skill level 9 in Summonings
 51275 | Shoals:3 | Reached skill level 13 in Fighting
 51350 | Shoals:3 | Mangled by an alligator snapping turtle

Vanquished Creatures
  A shard shrike (IceCv)
  Polyphemus (Shoals:1)
  Kirke (Lair:4)
  An orc warlord (D:10)
  A spark wasp (Spider:1)
  2 hydras
  A rakshasa (D:15)
  2 ogre magi
  4 ironbound frosthearts (IceCv)
  8 centaur warriors
  A catoblepas (Shoals:1)
  14 two-headed ogres
  4 death yaks
  2 boulder beetles
  3 tengu warriors
  A demonic crawler (Spider:2)
  A deep elf knight (D:14)
  3 pharaoh ants
  Sonja (Orc:1)
  2 sea snakes
  5 skysharks
  A glowing orange brain (D:10)
  A steelbarb worm (Spider:1)
  An orange crystal statue (IceCv)
  A necromancer (D:15)
  A lindwurm (Lair:2)
  6 deep elf pyromancers
  A harpy (Shoals:3)
  14 ugly things
  6 wolf spiders
  2 orc sorcerers
  A deep elf zephyrmancer (D:14)
  7 manticores
  7 cyclopes
  4 fauns (Shoals:2)
  A kobold blastminer (Orc:2)
  5 merfolk sirens
  2 centaur zombies (D:15)
  7 elephants (Lair:3)
  2 black mambas (Lair:3)
  2 torpor snails
  2 gargoyles
  4 centaur skeletons
  8 komodo dragons
  7 cane toads
  An unseen horror (shapeshifter) (D:15)
  3 unseen horrors
  14 rime drakes
  A kobold demonologist (D:9)
  3 tengu conjurers
  7 trolls
  21 polar bears
  5 tarantellas
  A wind drake (Shoals:2)
  6 merfolk
  2 snapping turtles (Shoals:1)
  A glass eye (shapeshifter) (D:10)
  3 dream sheep (Lair:3)
  4 blink frogs
  Sigmund (D:4)
  6 jumping spiders
  8 culicivoras
  6 slime creatures
  2 wraiths
  2 water elementals
  5 wyverns
  A shadow (D:11)
  39 yaks
  Grum (D:10)
  3 basilisks
  5 hogs
  9 redbacks
  A warg (Orc:1)
  2 steam dragons (D:9)
  14 vampire mosquitoes
  Menkaure (D:4)
  10 water moccasins
  An acid dragon (D:9)
  A sky beast (D:7)
  15 orc warriors
  10 ogres
  2 ice beasts
  Pargi (Sewer)
  A boggart (D:14)
  18 centaurs
  4 wolves
  5 kobold brigands
  A brain worm (Sewer)
  18 bullfrogs
  6 gnoll sergeants
  A scorpion (D:5)
  8 wights
  6 killer bees (D:8)
  3 howler monkeys
  6 crimson imps
  A bombardier beetle (D:6)
  5 gnoll boudas
  11 orc priests
  9 hounds
  3 jellies
  An iguana (Lair:1)
  18 orc wizards
  4 hell rats
  A nameless horror (D:9)
  Robin (D:3)
  39 gnolls
  7 adders
  A white imp (D:7)
  2 ufetubi (D:5)
  3 dart slugs
  4 ribbon worms
  57 orcs
  2 ball pythons (D:1)
  3 bats
  5 endoplasms
  4 giant cockroaches
  19 goblins
  6 hobgoblins
  15 jackals
  13 kobolds
  3 quokkas
  5 frilled lizards
  9 rats
698 creatures vanquished.

Vanquished Creatures (collateral kills)
  Ilsuiw (Shoals:2)
  A spark wasp (Spider:2)
  A white draconian (IceCv)
  A merfolk javelineer (Shoals:2)
  A merfolk impaler (Shoals:2)
  An entropy weaver (Spider:2)
  Erolcha (Orc:1)
  2 hydras
  3 ogre magi (Orc:2)
  3 catoblepae (Lair:5)
  8 two-headed ogres
  3 boulder beetles
  An ironbound frostheart (IceCv)
  3 death yaks
  An occultist (D:14)
  A skyshark (Lair:5)
  A pharaoh ant (Spider:1)
  A skeletal warrior (D:14)
  2 sea snakes (Shoals:3)
  3 slime creatures (D:12)
  6 harpies (Shoals:3)
  A deep elf pyromancer (D:15)
  4 ugly things
  5 manticores
  2 wolf spiders
  A moth of wrath (Spider:2)
  6 cyclopes
  An elephant (Lair:3)
  2 water nymphs (Shoals:3)
  A merfolk siren (Shoals:2)
  A black mamba (Lair:1)
  4 torpor snails
  5 cane toads
  A centaur skeleton (D:14)
  Jeremiah (Lair:1)
  6 rime drakes
  6 komodo dragons
  A troll (Orc:1)
  4 polar bears
  A wind drake (Shoals:2)
  7 merfolk
  8 tarantellas
  9 dream sheep
  4 blink frogs
  17 jumping spiders
  2 shadows
  2 culicivoras (Spider:1)
  35 yaks
  2 vampires
  2 wyverns
  A basilisk (Lair:1)
  10 redbacks
  2 vampire mosquitoes (D:13)
  7 water moccasins
  2 ice beasts
  4 orc warriors
  4 wolves
  22 ogres
  2 centaurs (D:15)
  A kobold brigand (D:14)
  Blork the orc (D:5)
  6 bullfrogs
  A gnoll sergeant (D:7)
  A scorpion (D:5)
  A killer bee (D:7)
  A crimson imp (D:9)
  A hound (D:7)
  A gnoll bouda (D:7)
  An orc priest (D:7)
  2 sleepcaps
  7 iguanas (Lair:1)
  4 orc wizards
  6 gnolls
  5 white imps
  13 orcs
  A jackal (D:7)
  A butterfly (Lair:1)
294 creatures vanquished.

Vanquished Creatures (others)
  A centaur warrior (D:14)
  An ugly thing (IceCv)
  2 ugly thing zombies
  4 human zombies
  A wolf spider zombie (Spider:2)
  A steelbarb worm zombie (Spider:1)
  3 redback zombies (Spider:1)
  A hydra zombie (Lair:5)
  4 harpy zombies (Shoals:3)
  A tarantella zombie (Spider:1)
  6 jumping spider zombies
  A polar bear (IceCv)
  A boulder beetle zombie (D:12)
  A hornet (D:9)
  A culicivora zombie (Spider:2)
  4 slime creatures (D:14)
  A shadow (D:12)
  4 merfolk zombies (Shoals:2)
  6 two-headed ogre zombies
  A cane toad zombie (Lair:2)
  A skyshark zombie (Lair:5)
  3 elephant zombies (Lair:3)
  2 manticore zombies
  3 boggarts (D:14)
  3 torpor snail zombies
  7 rime drake zombies
  2 hog zombies (Lair:4)
  A kobold brigand (D:14)
  2 komodo dragon zombies (Lair:1)
  4 water moccasin zombies
  4 cyclops zombies
  A wyvern zombie (D:8)
  4 polar bear zombies
  18 yak zombies
  2 tengu zombies (D:14)
  A wolf zombie (D:10)
  6 bullfrog zombies
  8 centaur zombies
  A basilisk zombie (Lair:1)
  3 killer bee zombies (D:8)
  An ice beast zombie (D:8)
  A sky beast zombie (D:7)
  14 ogre zombies
  3 hound zombies
  2 howler monkey zombies
  An adder zombie (D:5)
  2 iguana zombies (Lair:1)
  An orc (Orc:1)
  10 gnoll zombies
  2 jackal zombies (D:7)
  4 kobold zombies
  25 orc zombies
187 creatures vanquished.

Grand Total: 1179 creatures vanquished

Table legend: (Time is in decaauts)
 A = Elapsed time spent in this place.
 B = Non-inter-level travel time spent in this place.
 C = Inter-level travel time spent in this place.
 D = Time resting spent in this place.
 E = Time spent auto-exploring this place.
 F = Levels seen in this place.
 G = Mean time per level.
                   A        B        C        D        E       F      G
               +--------+--------+--------+--------+--------+-----+--------+
         Total |  50681 |  47652 |   3029 |  13797 |  23752 |  30 | 1689.4 |
       Dungeon |  27215 |  25303 |   1912 |   6774 |  13178 |  15 | 1814.3 |
        Temple |    177 |    148 |     29 |    137 |      0 |   1 |  177.0 |
          Lair |  13233 |  12432 |    801 |   4714 |   5301 |   5 | 2646.6 |
        Shoals |   4024 |   3889 |    135 |    574 |   2654 |   3 | 1341.3 |
   Spider Nest |   2128 |   2070 |     58 |    725 |    827 |   2 | 1064.0 |
  Orcish Mines |   1776 |   1684 |     92 |    123 |   1140 |   2 |  888.0 |
         Sewer |    360 |    360 |      0 |    112 |     40 |   1 |  360.0 |
      Ice Cave |   1766 |   1766 |      0 |    638 |    611 |   1 | 1766.0 |
               +--------+--------+--------+--------+--------+-----+--------+

Top non-repeatable levels by time:
     D:7: 4250 daAuts
    D:10: 3862 daAuts
  Lair:2: 3612 daAuts
  Lair:3: 3506 daAuts
  Lair:1: 2772 daAuts
Shoals:1: 2189 daAuts
    D:14: 2051 daAuts
     D:9: 1847 daAuts
   IceCv: 1766 daAuts
  Lair:5: 1718 daAuts
     D:3: 1651 daAuts
     D:5: 1624 daAuts
  Lair:4: 1624 daAuts
     D:8: 1623 daAuts
     D:6: 1598 daAuts

Table legend:
 A = Non-vault XP
 B = Vault XP
 C = Vault XP percentage of total XP
 D = Non-vault monster count
 E = Vault monster count
 F = Vault count percentage of total count
                 A         B        C        D         E       F
            +---------+---------+-------+---------+---------+-------
      Total |  150202 |   97105 |  39.3 |     660 |     334 |  33.6
            +---------+---------+-------+---------+---------+-------
        D:1 |      37 |       5 |  11.9 |      20 |       4 |  16.7
        D:2 |      68 |       0 |   0.0 |      23 |       0 |   0.0
        D:3 |     233 |      32 |  12.1 |      17 |      10 |  37.0
        D:4 |     275 |     431 |  61.0 |      25 |       9 |  26.5
        D:5 |    1153 |      94 |   7.5 |      24 |       1 |   4.0
        D:6 |    1051 |     158 |  13.1 |      24 |       6 |  20.0
        D:7 |    1047 |    1915 |  64.7 |      17 |      58 |  77.3
        D:8 |    2245 |     764 |  25.4 |      19 |       5 |  20.8
        D:9 |    1580 |     806 |  33.8 |      20 |      13 |  39.4
       D:10 |    3600 |    5292 |  59.5 |      26 |      20 |  43.5
       D:11 |    5117 |       0 |   0.0 |      16 |       0 |   0.0
       D:12 |    6003 |     565 |   8.6 |      21 |       1 |   4.5
       D:13 |    8733 |       0 |   0.0 |      25 |       0 |   0.0
       D:14 |    8680 |    8093 |  48.3 |      19 |      18 |  48.6
       D:15 |    9481 |    4965 |  34.4 |      26 |       9 |  25.7
     Temple |       0 |     159 | 100.0 |       0 |       1 | 100.0
     Lair:1 |    5753 |    3551 |  38.2 |      22 |      17 |  43.6
     Lair:2 |    4820 |    2662 |  35.6 |      25 |       8 |  24.2
     Lair:3 |   14342 |    2122 |  12.9 |      45 |      10 |  18.2
     Lair:4 |    7296 |    3145 |  30.1 |      32 |       9 |  22.0
     Lair:5 |    8613 |   10335 |  54.5 |      29 |      23 |  44.2
   Shoals:1 |    6424 |    2356 |  26.8 |      14 |       2 |  12.5
   Shoals:2 |    9408 |    5149 |  35.4 |      20 |       7 |  25.9
   Shoals:3 |   12449 |       0 |   0.0 |      25 |       0 |   0.0
   Spider:1 |   14392 |       0 |   0.0 |      49 |       0 |   0.0
   Spider:2 |   12469 |       0 |   0.0 |      31 |       0 |   0.0
      Orc:1 |    3461 |    1647 |  32.2 |      29 |       2 |   6.5
      Orc:2 |    1472 |   19537 |  93.0 |      17 |      45 |  72.6
      Sewer |       0 |     324 | 100.0 |       0 |       8 | 100.0
      IceCv |       0 |   22998 | 100.0 |       0 |      48 | 100.0
            +---------+---------+-------+---------+---------+-------
